[ PARTIDA AOE2 · #458083655 ]
Team RMFrancos vs Vietnamese
[ ANÁLISIS DE REPETICIÓN · EXTRAÍDO DE LA PARTIDA GRABADA ]
Feudal
11:01
Castillos
20:12
Imperial
45:03
| APM promedio | 33.2 |
| APM pico | 71 |
| eAPM promedio | 21.7 |
| Aldeanos / militares | 115 / 283 |
Foco
⚔️ 41.5% · 🌾 58.5%
Spearman ×136 · Knight ×58 · Skirmisher ×32 · Throwing Axeman ×30 · Fishing Ship ×21 · Fire Galley ×8
Feudal
12:45
Castillos
24:04
Imperial
53:18
| APM promedio | 41.6 |
| APM pico | 79 |
| eAPM promedio | 27.4 |
| Aldeanos / militares | 121 / 380 |
Foco
⚔️ 34.6% · 🌾 65.4%
Fire Lancer ×321 · Rattan Archer ×41 · Unknown (2626) ×26 · Fishing Ship ×24 · Spearman ×7 · Trebuchet (Packed) ×6
Feudal
11:23
Castillos
15:19
Imperial
57:11
| APM promedio | 23.1 |
| APM pico | 46 |
| eAPM promedio | 13.7 |
| Aldeanos / militares | 160 / 199 |
Foco
⚔️ 28.8% · 🌾 71.2%
Bolas Rider ×111 · Kona ×83 · Fishing Ship ×49 · Demolition Raft ×3 · Galley ×2 · Trade Cart ×1
Feudal
13:25
Castillos
40:42
Imperial
57:04
| APM promedio | 40.4 |
| APM pico | 102 |
| eAPM promedio | 23.9 |
| Aldeanos / militares | 125 / 169 |
Foco
⚔️ 29.4% · 🌾 70.6%
Skirmisher ×87 · Fishing Ship ×55 · Scout Cavalry ×48 · Monk ×16 · Demolition Raft ×8 · Fire Galley ×5
Mapa de la partida
Recursos al inicio + cada clic de construcción. Línea gruesa = muro · recuadro discontinuo = muro de casas detectado. 🟡 oro · ⚪ piedra · 🟢 bayas · 🔶 jabalí · ⭕ reliquia
Inputs por minuto
— LORD of the Peasants - - Lic_azunigal
Build order — LORD of the Peasants
Primeras 150 de 554 acciones detectadas
| 0:39 | Construir | Dock |
| 1:22 | Crear | Fishing Ship |
| 1:26 | Construir | House |
| 1:43 | Construir | Town Center |
| 2:09 | Construir | House |
| 2:14 | Construir | House |
| 2:49 | Crear | Fishing Ship |
| 3:25 | Crear | Villager (Male) |
| 3:25 | Crear | Villager (Male) |
| 3:25 | Crear | Villager (Male) |
| 3:46 | Crear | Villager (Male) |
| 3:47 | Crear | Villager (Male) |
| 3:47 | Crear | Villager (Male) |
| 3:50 | Crear | Fishing Ship |
| 4:14 | Crear | Fishing Ship |
| 4:24 | Crear | Villager (Male) |
| 5:01 | Crear | Villager (Male) |
| 5:05 | Crear | Fishing Ship |
| 5:17 | Crear | Villager (Male) |
| 5:37 | Construir | Lumber Camp |
| 5:39 | Crear | Villager (Male) |
| 5:59 | Crear | Fishing Ship |
| 6:04 | Construir | House |
| 6:28 | Crear | Fishing Ship |
| 6:51 | Construir | Mill |
| 6:54 | Crear | Villager (Male) |
| 7:01 | Crear | Fishing Ship |
| 7:43 | Crear | Villager (Male) |
| 7:43 | Crear | Villager (Male) |
| 7:43 | Crear | Villager (Male) |
| 7:46 | Crear | Fishing Ship |
| 7:59 | Construir | House |
| 8:03 | Construir | House |
| 8:33 | Construir | Dock |
| 8:44 | Investigar | Feudal Age |
| 9:01 | Construir | Mining Camp |
| 9:07 | Crear | Villager (Male) |
| 9:07 | Crear | Villager (Male) |
| 9:21 | Crear | Fishing Ship |
| 9:23 | Crear | Fishing Ship |
| 9:38 | Construir | Outpost |
| 10:45 | Crear | Villager (Male) |
| 10:52 | Crear | Fishing Ship |
| 11:01 | Edad | Edad Feudal |
| 11:02 | Crear | Unit 2626 |
| 11:05 | Crear | Fire Galley |
| 11:09 | Crear | Demolition Raft |
| 11:12 | Crear | Fire Galley |
| 11:21 | Investigar | Double-Bit Axe |
| 11:22 | Crear | Villager (Male) |
| 11:25 | Investigar | Gold Mining |
| 11:27 | Crear | Villager (Male) |
| 11:32 | Crear | Villager (Male) |
| 11:46 | Crear | Fire Galley |
| 11:54 | Crear | Fire Galley |
| 11:58 | Construir | House |
| 12:19 | Construir | House |
| 12:20 | Construir | House |
| 12:21 | Construir | House |
| 12:25 | Crear | Villager (Male) |
| 13:06 | Crear | Fire Galley |
| 13:25 | Crear | Fire Galley |
| 13:31 | Construir | Barracks |
| 13:36 | Investigar | Town Watch |
| 13:36 | Crear | Villager (Male) |
| 13:48 | Crear | Demolition Raft |
| 14:31 | Construir | Farm |
| 14:32 | Construir | Farm |
| 14:33 | Construir | Farm |
| 14:37 | Crear | Demolition Raft |
| 14:37 | Crear | Demolition Raft |
| 14:43 | Crear | Fishing Ship |
| 14:43 | Crear | Fishing Ship |
| 14:44 | Crear | Fishing Ship |
| 14:48 | Crear | Fire Galley |
| 15:31 | Crear | Unit 2626 |
| 16:29 | Crear | Villager (Male) |
| 16:29 | Crear | Villager (Male) |
| 16:31 | Construir | Farm |
| 16:32 | Construir | Farm |
| 16:34 | Construir | Farm |
| 16:35 | Construir | Farm |
| 16:48 | Crear | Fire Galley |
| 16:57 | Construir | Stable |
| 17:04 | Construir | Blacksmith |
| 17:08 | Construir | Farm |
| 17:20 | Investigar | Tech 906 |
| 17:20 | Crear | Fishing Ship |
| 17:20 | Crear | Fishing Ship |
| 17:32 | Investigar | Castle Age |
| 17:33 | Investigar | Castle Age |
| 18:16 | Construir | Stable |
| 18:19 | Investigar | Scale Barding Armor |
| 18:23 | Investigar | Forging |
| 18:31 | Crear | Fishing Ship |
| 18:35 | Crear | Fishing Ship |
| 18:36 | Crear | Fishing Ship |
| 18:36 | Crear | Fishing Ship |
| 19:51 | Construir | Dock |
| 20:02 | Construir | House |
| 20:03 | Construir | House |
| 20:04 | Construir | House |
| 20:04 | Construir | House |
| 20:12 | Edad | Edad de los Castillos |
| 20:27 | Investigar | War Galley (upgrade) |
| 21:13 | Crear | Knight |
| 21:15 | Investigar | Husbandry |
| 21:15 | Crear | Knight |
| 21:17 | Investigar | Chain Barding Armor |
| 21:17 | Investigar | Iron Casting |
| 21:18 | Crear | Monk |
| 21:48 | Crear | Knight |
| 21:55 | Construir | Town Center |
| 21:58 | Crear | Villager (Male) |
| 21:58 | Crear | Villager (Male) |
| 21:58 | Crear | Villager (Male) |
| 22:00 | Investigar | Gold Shaft Mining |
| 22:09 | Crear | Knight |
| 22:45 | Crear | Knight |
| 22:46 | Crear | Knight |
| 23:10 | Crear | Knight |
| 24:13 | Crear | Knight |
| 24:15 | Crear | Knight |
| 24:31 | Crear | Knight |
| 24:32 | Crear | Knight |
| 24:34 | Construir | Siege Workshop |
| 24:37 | Crear | Knight |
| 24:37 | Crear | Knight |
| 24:45 | Investigar | Scale Mail Armor |
| 24:49 | Investigar | Stone Mining |
| 24:50 | Crear | Villager (Male) |
| 24:50 | Crear | Villager (Male) |
| 24:50 | Crear | Villager (Male) |
| 24:51 | Crear | Villager (Male) |
| 24:51 | Crear | Villager (Male) |
| 24:53 | Construir | Mining Camp |
| 24:55 | Crear | Villager (Male) |
| 25:09 | Crear | Battering Ram |
| 25:11 | Construir | Barracks |
| 25:14 | Crear | Knight |
| 25:45 | Crear | Spearman |
| 25:46 | Construir | Barracks |
| 25:57 | Crear | Battering Ram |
| 26:00 | Crear | Spearman |
| 26:00 | Crear | Spearman |
| 26:01 | Crear | Spearman |
| 26:11 | Investigar | Pikeman (upgrade) |
| 26:14 | Crear | Knight |
| 26:14 | Crear | Knight |
| 26:18 | Crear | Spearman |
Build order — Lic_azunigal
Primeras 150 de 514 acciones detectadas
| 0:09 | Construir | House |
| 2:07 | Construir | Town Center |
| 2:26 | Construir | Dock |
| 2:30 | Construir | House |
| 3:09 | Crear | Fishing Ship |
| 3:13 | Crear | Villager (Male) |
| 3:13 | Crear | Villager (Male) |
| 3:14 | Crear | Villager (Male) |
| 3:14 | Crear | Villager (Male) |
| 3:14 | Crear | Villager (Male) |
| 3:40 | Crear | Fishing Ship |
| 3:44 | Construir | House |
| 4:36 | Crear | Fishing Ship |
| 4:51 | Crear | Villager (Male) |
| 5:09 | Construir | Dock |
| 5:13 | Crear | Fishing Ship |
| 5:23 | Construir | House |
| 5:36 | Crear | Fishing Ship |
| 5:37 | Crear | Villager (Male) |
| 5:38 | Crear | Villager (Male) |
| 5:42 | Construir | House |
| 6:03 | Crear | Fishing Ship |
| 6:04 | Crear | Fishing Ship |
| 6:07 | Crear | Villager (Male) |
| 6:08 | Crear | Villager (Male) |
| 6:14 | Construir | Building 796 |
| 6:18 | Construir | House |
| 6:39 | Crear | Fishing Ship |
| 6:44 | Crear | Fishing Ship |
| 7:28 | Construir | Dock |
| 7:40 | Crear | Villager (Male) |
| 7:41 | Crear | Fishing Ship |
| 8:10 | Construir | House |
| 8:12 | Crear | Villager (Male) |
| 8:13 | Crear | Fishing Ship |
| 8:21 | Crear | Fishing Ship |
| 8:28 | Crear | Villager (Male) |
| 8:34 | Crear | Fishing Ship |
| 8:46 | Construir | Building 804 |
| 8:52 | Construir | House |
| 8:53 | Construir | House |
| 8:56 | Crear | Villager (Male) |
| 9:06 | Crear | Fishing Ship |
| 9:18 | Crear | Villager (Male) |
| 9:32 | Construir | Palisade Wall |
| 9:38 | Crear | Fishing Ship |
| 9:38 | Crear | Fishing Ship |
| 9:42 | Crear | Fishing Ship |
| 10:08 | Construir | House |
| 10:09 | Construir | House |
| 10:25 | Construir | House |
| 10:27 | Construir | House |
| 10:35 | Investigar | Feudal Age |
| 10:43 | Construir | Mining Camp |
| 10:47 | Crear | Villager (Male) |
| 10:47 | Crear | Villager (Male) |
| 10:47 | Crear | Villager (Male) |
| 10:50 | Crear | Fishing Ship |
| 10:51 | Crear | Fishing Ship |
| 10:53 | Crear | Fishing Ship |
| 11:12 | Construir | Palisade Gate |
| 11:26 | Construir | House |
| 11:35 | Crear | Fishing Ship |
| 11:35 | Crear | Fishing Ship |
| 11:37 | Crear | Fishing Ship |
| 11:37 | Crear | Fishing Ship |
| 12:43 | Construir | Dock |
| 12:45 | Edad | Edad Feudal |
| 13:02 | Crear | Unit 2626 |
| 13:02 | Crear | Unit 2626 |
| 13:03 | Crear | Unit 2626 |
| 13:03 | Crear | Unit 2626 |
| 13:03 | Crear | Unit 2626 |
| 13:11 | Crear | Unit 2626 |
| 13:12 | Crear | Unit 2626 |
| 13:44 | Crear | Unit 2626 |
| 13:53 | Crear | Unit 2626 |
| 13:53 | Crear | Unit 2626 |
| 13:54 | Crear | Unit 2626 |
| 14:10 | Crear | Unit 2626 |
| 14:10 | Crear | Unit 2626 |
| 14:10 | Crear | Unit 2626 |
| 14:18 | Crear | Villager (Male) |
| 14:19 | Crear | Villager (Male) |
| 14:19 | Crear | Villager (Male) |
| 14:25 | Construir | Blacksmith |
| 15:14 | Construir | Barracks |
| 15:26 | Crear | Unit 2626 |
| 15:26 | Crear | Unit 2626 |
| 15:26 | Crear | Unit 2626 |
| 15:38 | Crear | Unit 2626 |
| 15:38 | Crear | Unit 2626 |
| 16:12 | Construir | Dock |
| 16:32 | Crear | Unit 2626 |
| 16:43 | Construir | Mill |
| 16:44 | Crear | Villager (Male) |
| 16:45 | Crear | Villager (Male) |
| 16:58 | Construir | Dock |
| 17:17 | Construir | House |
| 17:17 | Crear | Spearman |
| 17:18 | Crear | Spearman |
| 17:18 | Crear | Spearman |
| 17:18 | Crear | Spearman |
| 17:34 | Construir | House |
| 17:36 | Construir | House |
| 17:40 | Construir | House |
| 17:45 | Investigar | Loom |
| 17:51 | Crear | Unit 2626 |
| 17:51 | Crear | Unit 2626 |
| 17:51 | Crear | Unit 2626 |
| 18:01 | Construir | House |
| 18:19 | Construir | House |
| 18:44 | Construir | Watch Tower |
| 19:32 | Construir | Market |
| 19:38 | Crear | Unit 2626 |
| 19:38 | Crear | Unit 2626 |
| 19:38 | Crear | Unit 2626 |
| 20:09 | Crear | Spearman |
| 20:09 | Crear | Spearman |
| 20:11 | Crear | Spearman |
| 21:24 | Investigar | Castle Age |
| 21:50 | Investigar | Arson |
| 23:27 | Investigar | Forging |
| 23:27 | Investigar | Scale Mail Armor |
| 23:43 | Construir | House |
| 24:04 | Edad | Edad de los Castillos |
| 24:11 | Construir | Siege Workshop |
| 24:21 | Construir | Blacksmith |
| 24:26 | Construir | Barracks |
| 24:29 | Crear | Villager (Male) |
| 24:30 | Crear | Villager (Male) |
| 24:31 | Crear | Villager (Male) |
| 24:38 | Construir | Town Center |
| 24:46 | Crear | Villager (Male) |
| 24:46 | Crear | Villager (Male) |
| 24:54 | Crear | Battering Ram |
| 24:58 | Crear | Fire Lancer |
| 24:58 | Crear | Fire Lancer |
| 24:58 | Crear | Fire Lancer |
| 24:59 | Crear | Fire Lancer |
| 24:59 | Crear | Fire Lancer |
| 24:59 | Crear | Fire Lancer |
| 25:46 | Construir | Barracks |
| 26:49 | Crear | Battering Ram |
| 26:51 | Crear | Fire Lancer |
| 26:52 | Crear | Fire Lancer |
| 27:38 | Crear | Battering Ram |
| 27:41 | Crear | Fire Lancer ×3 |
| 27:41 | Crear | Fire Lancer ×3 |
| 27:41 | Crear | Fire Lancer ×3 |
Build order — Capitan Zap Branigam
Primeras 150 de 359 acciones detectadas
| 0:13 | Construir | Dock |
| 0:35 | Construir | House |
| 0:37 | Construir | House |
| 1:46 | Construir | Town Center |
| 2:46 | Crear | Villager (Male) |
| 2:46 | Crear | Villager (Male) |
| 2:47 | Crear | Villager (Male) |
| 2:47 | Crear | Villager (Male) |
| 2:47 | Crear | Villager (Male) |
| 2:52 | Crear | Villager (Male) |
| 3:57 | Investigar | Loom |
| 4:04 | Crear | Villager (Male) |
| 4:30 | Crear | Villager (Male) |
| 4:30 | Crear | Villager (Male) |
| 4:30 | Crear | Villager (Male) |
| 4:31 | Crear | Villager (Male) |
| 4:41 | Crear | Fishing Ship |
| 4:41 | Crear | Fishing Ship |
| 4:41 | Crear | Fishing Ship |
| 4:41 | Crear | Fishing Ship |
| 4:57 | Construir | Dock |
| 5:49 | Crear | Villager (Male) |
| 5:51 | Crear | Fishing Ship |
| 5:51 | Crear | Fishing Ship |
| 5:53 | Crear | Fishing Ship |
| 5:54 | Crear | Fishing Ship |
| 6:10 | Construir | House |
| 6:11 | Construir | House |
| 6:47 | Crear | Villager (Male) |
| 6:49 | Crear | Fishing Ship |
| 6:55 | Crear | Fishing Ship |
| 7:42 | Crear | Villager (Male) |
| 7:42 | Crear | Villager (Male) |
| 7:44 | Crear | Fishing Ship |
| 7:44 | Crear | Fishing Ship |
| 8:06 | Crear | Fishing Ship |
| 8:33 | Crear | Fishing Ship |
| 8:49 | Construir | Settlement |
| 9:07 | Crear | Villager (Male) |
| 9:13 | Investigar | Feudal Age |
| 9:16 | Crear | Fishing Ship |
| 9:18 | Crear | Fishing Ship |
| 9:19 | Crear | Fishing Ship |
| 9:23 | Construir | House |
| 10:10 | Crear | Villager (Male) |
| 10:11 | Crear | Villager (Male) |
| 10:49 | Crear | Fishing Ship |
| 10:52 | Crear | Fishing Ship |
| 11:23 | Edad | Edad Feudal |
| 11:31 | Construir | Blacksmith |
| 12:03 | Construir | Market |
| 12:39 | Investigar | Castle Age |
| 13:10 | Construir | Settlement |
| 13:52 | Investigar | Stone Mining |
| 14:00 | Investigar | Double-Bit Axe |
| 14:02 | Crear | Villager (Male) |
| 14:02 | Crear | Villager (Male) |
| 14:02 | Crear | Villager (Male) |
| 14:03 | Crear | Villager (Male) |
| 15:19 | Edad | Edad de los Castillos |
| 15:40 | Construir | Outpost |
| 16:50 | Construir | Castle |
| 18:07 | Crear | Villager (Male) |
| 18:07 | Crear | Villager (Male) |
| 18:08 | Crear | Villager (Male) |
| 18:08 | Crear | Villager (Male) |
| 18:11 | Crear | Galley |
| 18:11 | Crear | Galley |
| 19:13 | Construir | University |
| 19:38 | Construir | University |
| 19:54 | Investigar | Fletching |
| 19:57 | Crear | Kona |
| 19:58 | Crear | Kona |
| 19:58 | Crear | Kona |
| 19:58 | Crear | Kona |
| 19:58 | Crear | Kona |
| 20:38 | Construir | Settlement |
| 22:34 | Construir | Settlement |
| 23:02 | Crear | Villager (Male) |
| 23:02 | Crear | Villager (Male) |
| 23:02 | Crear | Villager (Male) |
| 23:02 | Crear | Villager (Male) |
| 23:03 | Crear | Villager (Male) |
| 24:02 | Crear | Trade Cart |
| 24:09 | Crear | Kona |
| 24:10 | Crear | Kona |
| 24:10 | Crear | Kona |
| 24:10 | Crear | Kona |
| 24:51 | Crear | Kona |
| 24:51 | Crear | Kona |
| 24:52 | Crear | Kona |
| 24:52 | Crear | Kona |
| 24:52 | Crear | Kona |
| 25:34 | Investigar | Bow Saw |
| 25:37 | Investigar | Gold Mining |
| 26:00 | Crear | Kona |
| 26:00 | Crear | Kona |
| 26:00 | Crear | Kona |
| 26:01 | Crear | Kona |
| 26:01 | Crear | Kona |
| 26:01 | Crear | Kona |
| 26:33 | Crear | Kona |
| 26:36 | Construir | House |
| 26:37 | Construir | House |
| 26:37 | Construir | House |
| 26:37 | Construir | House |
| 26:38 | Construir | House |
| 26:38 | Construir | House |
| 26:40 | Construir | House |
| 26:42 | Construir | House |
| 26:42 | Construir | House |
| 27:44 | Crear | Kona |
| 27:44 | Crear | Kona |
| 27:45 | Crear | Kona |
| 27:45 | Crear | Kona |
| 27:45 | Crear | Kona |
| 28:28 | Crear | Kona |
| 28:29 | Crear | Kona |
| 28:29 | Crear | Kona |
| 29:10 | Crear | Kona |
| 29:10 | Crear | Kona |
| 29:10 | Crear | Kona |
| 29:41 | Crear | Kona |
| 29:41 | Crear | Kona |
| 29:41 | Crear | Kona |
| 29:55 | Construir | Settlement |
| 30:01 | Crear | Kona |
| 30:01 | Crear | Kona |
| 30:19 | Crear | Kona |
| 30:19 | Crear | Kona |
| 31:09 | Crear | Kona |
| 31:09 | Crear | Kona |
| 31:09 | Crear | Kona |
| 31:10 | Crear | Kona |
| 31:39 | Construir | Farm |
| 31:39 | Construir | Farm |
| 31:39 | Construir | Farm |
| 31:40 | Construir | Farm |
| 31:40 | Construir | Farm |
| 31:40 | Construir | Farm |
| 31:47 | Construir | Settlement |
| 32:21 | Crear | Villager (Male) |
| 32:21 | Crear | Villager (Male) |
| 32:22 | Crear | Villager (Male) |
| 32:22 | Crear | Villager (Male) |
| 32:22 | Crear | Villager (Male) |
| 34:52 | Crear | Villager (Male) |
| 34:52 | Crear | Villager (Male) |
| 34:52 | Crear | Villager (Male) |
| 34:53 | Crear | Villager (Male) |
Build order — Falling in love
Primeras 150 de 459 acciones detectadas
| 1:38 | Construir | Town Center |
| 2:21 | Crear | Villager (Male) |
| 2:21 | Crear | Villager (Male) |
| 2:21 | Crear | Villager (Male) |
| 2:21 | Crear | Villager (Male) |
| 2:22 | Crear | Villager (Male) |
| 3:09 | Crear | Villager (Male) |
| 3:21 | Construir | Dock |
| 3:52 | Crear | Villager (Male) |
| 4:16 | Crear | Villager (Male) |
| 4:18 | Crear | Fishing Ship |
| 4:18 | Crear | Fishing Ship |
| 4:19 | Crear | Fishing Ship |
| 4:53 | Crear | Villager (Male) |
| 5:09 | Crear | Fishing Ship |
| 5:09 | Crear | Fishing Ship |
| 5:09 | Crear | Fishing Ship |
| 5:28 | Crear | Villager (Male) |
| 5:40 | Crear | Villager (Male) |
| 5:45 | Crear | Fishing Ship |
| 5:45 | Crear | Fishing Ship |
| 5:45 | Crear | Fishing Ship |
| 6:24 | Crear | Villager (Male) |
| 6:53 | Construir | Palisade Wall |
| 6:56 | Crear | Villager (Male) |
| 7:01 | Construir | Barracks |
| 7:04 | Crear | Villager (Male) |
| 7:05 | Crear | Fishing Ship |
| 7:05 | Crear | Fishing Ship |
| 7:44 | Construir | Dock |
| 7:48 | Crear | Villager (Male) |
| 7:54 | Crear | Villager (Male) |
| 8:10 | Construir | Lumber Camp |
| 8:40 | Crear | Villager (Male) |
| 8:40 | Crear | Villager (Male) |
| 8:42 | Crear | Fishing Ship |
| 8:43 | Crear | Fishing Ship |
| 8:43 | Crear | Fishing Ship |
| 8:43 | Crear | Fishing Ship |
| 8:57 | Construir | Mill |
| 9:25 | Crear | Villager (Male) |
| 9:26 | Crear | Fishing Ship |
| 9:26 | Crear | Fishing Ship |
| 9:27 | Crear | Fishing Ship |
| 9:35 | Construir | Farm |
| 9:35 | Construir | Farm |
| 9:51 | Crear | Villager (Male) |
| 9:59 | Construir | Farm |
| 10:00 | Construir | Farm |
| 10:00 | Construir | Farm |
| 10:00 | Construir | Farm |
| 10:22 | Crear | Fishing Ship |
| 10:22 | Crear | Fishing Ship |
| 10:24 | Crear | Villager (Male) |
| 10:24 | Crear | Villager (Male) |
| 10:37 | Crear | Fishing Ship |
| 10:37 | Crear | Fishing Ship |
| 10:40 | Crear | Fishing Ship |
| 10:57 | Construir | Farm |
| 11:12 | Construir | Farm |
| 11:15 | Investigar | Feudal Age |
| 11:15 | Investigar | Feudal Age |
| 11:43 | Construir | Farm |
| 12:22 | Construir | Mining Camp |
| 12:40 | Crear | Villager (Male) |
| 12:40 | Crear | Villager (Male) |
| 13:25 | Edad | Edad Feudal |
| 13:27 | Construir | Stable |
| 13:27 | Construir | Stable |
| 13:39 | Crear | Fire Galley |
| 13:39 | Crear | Fire Galley |
| 13:42 | Crear | Villager (Male) |
| 13:42 | Crear | Villager (Male) |
| 13:47 | Investigar | Gold Mining |
| 13:50 | Investigar | Double-Bit Axe |
| 13:50 | Investigar | Double-Bit Axe |
| 13:59 | Construir | Blacksmith |
| 14:00 | Crear | Villager (Male) |
| 14:19 | Crear | Fire Galley |
| 14:19 | Crear | Fire Galley |
| 14:25 | Crear | Scout Cavalry |
| 14:25 | Crear | Scout Cavalry |
| 14:25 | Crear | Scout Cavalry |
| 14:53 | Crear | Scout Cavalry |
| 14:53 | Crear | Scout Cavalry |
| 14:55 | Crear | Villager (Male) |
| 14:55 | Crear | Villager (Male) |
| 15:12 | Construir | Farm |
| 15:12 | Construir | Farm |
| 15:13 | Construir | Farm |
| 15:14 | Crear | Scout Cavalry |
| 15:15 | Crear | Scout Cavalry |
| 15:22 | Crear | Scout Cavalry |
| 15:22 | Crear | Scout Cavalry |
| 15:33 | Crear | Fire Galley |
| 15:41 | Crear | Scout Cavalry |
| 15:41 | Crear | Scout Cavalry |
| 15:42 | Crear | Scout Cavalry |
| 15:53 | Crear | Scout Cavalry |
| 15:53 | Crear | Scout Cavalry |
| 15:53 | Crear | Scout Cavalry |
| 15:53 | Crear | Scout Cavalry |
| 16:06 | Crear | Scout Cavalry |
| 16:07 | Crear | Scout Cavalry |
| 16:27 | Construir | Mill |
| 16:28 | Construir | Farm |
| 16:28 | Construir | Farm |
| 16:28 | Construir | Farm |
| 16:28 | Construir | Farm |
| 16:30 | Crear | Villager (Male) |
| 16:31 | Crear | Villager (Male) |
| 16:31 | Crear | Villager (Male) |
| 16:52 | Crear | Scout Cavalry |
| 16:52 | Crear | Scout Cavalry |
| 16:52 | Crear | Scout Cavalry |
| 17:07 | Crear | Scout Cavalry |
| 17:07 | Crear | Scout Cavalry |
| 17:07 | Crear | Scout Cavalry |
| 17:23 | Crear | Scout Cavalry |
| 17:24 | Crear | Scout Cavalry |
| 17:30 | Crear | Villager (Male) |
| 17:31 | Crear | Villager (Male) |
| 17:31 | Crear | Villager (Male) |
| 17:37 | Construir | Farm |
| 17:37 | Construir | Farm |
| 17:37 | Construir | Farm |
| 17:37 | Construir | Farm |
| 17:37 | Construir | Farm |
| 17:43 | Crear | Villager (Male) |
| 17:44 | Crear | Villager (Male) |
| 17:46 | Construir | Mining Camp |
| 18:07 | Crear | Scout Cavalry |
| 18:08 | Crear | Scout Cavalry |
| 18:18 | Crear | Scout Cavalry |
| 18:30 | Construir | Watch Tower |
| 18:33 | Crear | Villager (Male) |
| 18:34 | Crear | Villager (Male) |
| 18:34 | Crear | Villager (Male) |
| 18:35 | Crear | Scout Cavalry |
| 18:35 | Crear | Scout Cavalry |
| 18:57 | Crear | Fishing Ship |
| 18:57 | Crear | Fishing Ship |
| 18:57 | Crear | Fishing Ship |
| 18:57 | Crear | Fishing Ship |
| 18:58 | Crear | Fishing Ship |
| 18:58 | Crear | Fishing Ship |
| 18:58 | Crear | Fishing Ship |
| 19:09 | Crear | Scout Cavalry |
| 19:10 | Crear | Scout Cavalry |
| 19:10 | Crear | Scout Cavalry |
Cronología de la partida
| 0:13 | Capitan Zap Branigam · first_building Dock |
| 0:39 | LORD of the Peasants · first_building Dock |
| 2:26 | Lic_azunigal · first_building Dock |
| 3:21 | Falling in love · first_building Dock |
| 6:53 | Falling in love · wall_segment Palisade Wall x5 |
| 7:01 | Falling in love · first_building Barracks |
| 9:32 | Lic_azunigal · wall_segment Palisade Wall x14 |
| 11:01 | LORD of the Peasants · age_up feudal |
| 11:23 | Capitan Zap Branigam · age_up feudal |
| 12:35 | Capitan Zap Branigam · first_market_sell 100 wood |
| 12:45 | Lic_azunigal · age_up feudal |
| 13:25 | Falling in love · age_up feudal |
| 13:27 | Falling in love · first_building Stable |
| 13:31 | LORD of the Peasants · first_building Barracks |
| 15:14 | Lic_azunigal · first_building Barracks |
| 15:19 | Capitan Zap Branigam · age_up castle |
| 16:19 | Capitan Zap Branigam · first_market_buy 100 stone |
| 16:50 | Capitan Zap Branigam · first_building Castle |
| 16:57 | LORD of the Peasants · first_building Stable |
| 20:12 | LORD of the Peasants · age_up castle |
| 22:27 | Lic_azunigal · first_market_buy 100 stone |
| 24:04 | Lic_azunigal · age_up castle |
| 24:11 | Lic_azunigal · first_building Siege Workshop |
| 24:34 | LORD of the Peasants · first_building Siege Workshop |
| 33:10 | LORD of the Peasants · wall_segment Palisade Wall x1 |
| 33:40 | Falling in love · first_market_buy 100 stone |
| 36:57 | LORD of the Peasants · first_building Castle |
| 37:21 | Falling in love · wall_segment Palisade Wall x3 |
| 40:01 | Lic_azunigal · first_building Castle |
| 40:25 | Capitan Zap Branigam · first_building Barracks |
| 40:42 | Falling in love · age_up castle |
| 40:51 | Falling in love · first_market_sell 500 stone |
| 41:05 | Falling in love · first_building Monastery |
| 41:50 | LORD of the Peasants · first_market_buy 100 food |
| 42:21 | Lic_azunigal · first_market_sell 100 food |
| 43:29 | LORD of the Peasants · first_building Archery Range |
| 44:23 | Capitan Zap Branigam · first_building Archery Range |
| 45:03 | LORD of the Peasants · age_up imperial |
| 45:05 | Lic_azunigal · wall_segment Stone Wall x5 |
| 45:58 | Falling in love · first_building Archery Range |
| 53:18 | Lic_azunigal · age_up imperial |
| 57:04 | Falling in love · age_up imperial |
| 57:11 | Capitan Zap Branigam · age_up imperial |
| 61:45 | Falling in love · resign |
[ ANÁLISIS IA · 1 CRÉDITO ]
¿Qué pasó realmente en esta partida?
Wolo.gg analiza cada decisión: build order, eco, micro, errores típicos por bracket. Análisis personalizado por WhatsApp o Discord en 30 segundos.
Guía civ
Francos
Guía mapa
Pilgrims
Perfil
LORD of the Peasants